 Dungeon Crawl Stone Soup version 0.32-a0-931-g5a2cda0630 (webtiles) character file.

Game seed: 2142649828845283621

1052 runemasterragnar the Shooter (level 8, -10/60 HPs)
             Began as a Coglin Hunter on Apr 14, 2024.
             Was a Follower of Okawaru.
             Killed by divine providence
             ... invoked by Jeremiah
              (13 damage)
             ... on level 6 of the Dungeon.
             The game lasted 00:04:08 (4600 turns).

runemasterragnar the Shooter (Coglin Hunter)        Turns: 4600, Time: 00:04:09

Health: -10/60     AC:  5    Str: 11    XL:     8   Next: 26%
Magic:  7/9        EV: 16    Int:  9    God:    Okawaru [*.....]
Gold:   256        SH:  0    Dex: 20    Spells: 7/7 levels left

rFire   . . .        a - +3 sling {Edwyna}
rCold   . . .        d - +0 sling {Carlos}
rNeg    . . .        c - +0 leather armour
rPois   .            (no helmet)
rElec   .            (no cloak)
rCorr   .            g - +1 pair of gloves
SInv    .            (no boots)
Will    .....        (amulet unavailable)
Stlth   ++++         (ring unavailable)
HPRegen 0.30/turn    (ring unavailable)
MPRegen 0.11/turn    (no gizmo)

%: no passive effects
@: heroic, revved
A: off-hand wielding, slow wielding, warmup strikes, no jewellery
a: Invent Gizmo, Renounce Religion, Heroism


You were on level 6 of the Dungeon.
You worshipped Okawaru.
Okawaru was aware of your devotion.
You visited 2 branches of the dungeon, and saw 7 of its levels.

You collected 256 gold pieces.

Inventory:

Hand Weapons
 a - a +3 sling (weapon) {Edwyna}
 d - a +0 sling (offhand) {Carlos}
Missiles
 j - a throwing net
Armour
 c - a +0 leather armour (worn)
 g - a +1 pair of gloves (worn)
Wands
 m - a wand of polymorph (4)
Scrolls
 b - a scroll of butterflies
 l - a scroll of teleportation
 n - a scroll of enchant armour
 q - 2 scrolls of fear
Potions
 e - a potion of ambrosia
 f - 2 potions of curing
 h - a potion of attraction {unknown}
 i - a potion of enlightenment {unknown}
 k - 2 potions of degeneration
 o - 2 potions of mutation


   Skills:
 + Level 4.3(9.3) Fighting
 * Level 6.2(11.2) Ranged Weapons
 + Level 4.0(9.0) Dodging
 + Level 3.4(8.4) Stealth
 + Level 1.5 Invocations
 + Level 2.5 Evocations


You had 7 spell levels left.
You didn't know any spells.
Your spell library contained the following spells:

 Spells                   Type           Power      Damage    Failure   Level
 Slow                     Hex            0%         N/A       45%         1
 Confusing Touch          Hex            0%         N/A       83%         3
 Teleport Other           Tloc           0%         N/A       83%         3
 Vampiric Draining        Necr           0%         2d6       83%         3
 Dispersal                Tloc           0%         N/A       100%        6
 Gell's Gavotte           Tloc           0%         2d(11-16) 100%        6


Dungeon Overview and Level Annotations

Branches:
Dungeon (6/15)             Temple (1/1) D:5

Altars:
Ashenzari
Cheibriados
Fedhas
Hepliaklqana
Makhleb
Okawaru
Qazlal
Sif Muna
Trog
Wu Jian
Xom
Yredelemnul
Zin
The Shining One

Annotations:
D:4 1 transporter, D0namaru's ghost, novice DsGl
D:6 Jeremiah


Innate Abilities, Weirdness & Mutations

You can wield a second weapon in your off-hand.
It takes a long time for you to wield or remove held weapons.
Your first few attacks do less damage.
You cannot equip rings or amulets.


Message History

The wight is almost destroyed.
The butterfly disappears in a burst of colours!
Unknown command.
Fire: a) +3 sling {Edwyna}
Press: ? - help, Q - select action, (/) - cycle Shift-Dir - straight line, f/p - Jeremiah
Aim: Jeremiah, wielding a +4 trident of draining, wearing a +0 robe and wearing an orb of energy (severely wounded, 66% to hit)
You shoot a sling bullet.
The sling bullet closely misses the wight.
The sling bullet misses the butterfly.
The sling bullet hits Jeremiah.
Jeremiah is severely wounded.
You shoot a sling bullet.
The sling bullet hits the wight but does no damage.
The wight is almost destroyed.
The wight hits you with a +0 long sword.
* * * LOW HITPOINT WARNING * * *
Okay, then.
Fire: a) +3 sling {Edwyna}
Press: ? - help, Q - select action, (/) - cycle Shift-Dir - straight line, f/p - Jeremiah
Aim: Jeremiah, wielding a +4 trident of draining, wearing a +0 robe and wearing an orb of energy (severely wounded, 66% to hit)
You shoot a sling bullet. The sling bullet hits the wight.
The wight is almost destroyed.
You shoot a sling bullet.
The sling bullet closely misses the wight.
The sling bullet hits Jeremiah!
Jeremiah is almost dead.
The wight barely misses you.
Unknown command.
Fire: a) +3 sling {Edwyna}
Press: ? - help, Q - select action, (/) - cycle Shift-Dir - straight line, f/p - Jeremiah
Aim: Jeremiah, wielding a +4 trident of draining, wearing a +0 robe and wearing an orb of energy (almost dead, 66% to hit)
You shoot a sling bullet.
The sling bullet hits the wight but does no damage.
The wight is almost destroyed.
You shoot a sling bullet.
The sling bullet hits the wight but does no damage.
The wight is almost destroyed.
Jeremiah mumbles a slurred invocation.
Something smites you!
You die...
Jeremiah asks, "Is it over?
Can I wake up now?"

#..# #(#### #..##
##.## #....####.###
#..#######....#.###
##.##..<..###....##
#.##.###..).).....
#.##. ####^....##
#.#### ##.##... #.#
#. ###..#..## #@#
#.#...#..... #z#
#...##..##.. #.#
#..###.## #. #)#
....# ..# #.
#b##.##. ..## .
#b## ##


.Fb .b... )...... You could see Jeremiah and a wight.

Vanquished Creatures
  A black bear (D:4)
  An ogre (D:5)
  A phantom (D:4)
  2 scorpions (D:5)
  6 wights (D:6)
  A howler monkey (D:3)
  An orc priest (D:3)
  A hound (D:5)
  2 iguanas
  2 orc wizards
  5 gnolls
  2 adders
  2 white imps
  A dart slug (D:1)
  4 ribbon worms
  11 orcs
  7 endoplasms
  3 giant cockroaches
  7 goblins
  11 hobgoblins
  7 jackals
  3 quokkas
  6 ball pythons
  5 bats
  5 frilled lizards
  8 kobolds
  6 rats
111 creatures vanquished.

Notes
Turn   | Place    | Note
-------+----------+-------------------------------------------
     0 | D:1      | runemasterragnar the Coglin Hunter began the quest for the
                  | Orb.
     0 | D:1      | Reached XP level 1. HP: 16/16 MP: 1/1
   159 | D:1      | Reached skill level 1 in Stealth
   162 | D:1      | Reached XP level 2. HP: 22/22 MP: 2/2
   398 | D:1      | You fall into a shaft and drop 1 floor!
   436 | D:2      | Reached skill level 4 in Ranged Weapons
   436 | D:2      | Reached XP level 3. HP: 27/27 MP: 3/3
  1124 | D:2      | Reached XP level 4. HP: 34/34 MP: 4/4
  1694 | D:3      | Found a basalt altar of Yredelemnul.
  2049 | D:3      | Reached XP level 5. HP: 40/40 MP: 5/5
  2848 | D:4      | Found a transporter.
  2849 | D:4      | Noticed D0namaru's ghost (novice DsGl)
  2851 | D:4      | Noticed an ogre
  2856 | D:4      | Noticed an ogre
  2872 | D:4      | Noticed a phantom
  2877 | D:4      | Noticed a black bear
  2878 | D:4      | Killed a phantom
  2879 | D:4      | Reached skill level 5 in Ranged Weapons
  2879 | D:4      | Reached XP level 6. HP: 41/47 MP: 6/6
  2882 | D:4      | Killed a black bear
  3051 | D:4      | Reached XP level 7. HP: 40/52 MP: 7/7
  3408 | D:5      | Entered Level 5 of the Dungeon
  3502 | D:5      | Found a staircase to the Ecumenical Temple.
  3560 | Temple   | Entered the Ecumenical Temple
  3570 | Temple   | Became a worshipper of Warmaster Okawaru
  3667 | D:5      | Found a shimmering blue altar of Sif Muna.
  4148 | D:5      | Reached skill level 1 in Evocations
  4413 | D:6      | Reached skill level 1 in Invocations
  4414 | D:6      | Reached * piety under Okawaru
  4415 | D:6      | Reached skill level 6 in Ranged Weapons
  4419 | D:6      | Reached XP level 8. HP: 60/60 MP: 8/8
  4572 | D:6      | Noticed Jeremiah
  4598 | D:6      | HP: 2/60 [wight/+0 long sword (6)]
  4600 | D:6      | Killed from afar by Jeremiah

Illustrated notes

Levels and vault maps discovered:
D:1:      kilobyte_arrival_exit_the_forest, layout_rooms
D:2:      layout_loops_corners, minmay_misc_feat_x
D:3:      layout_loops_ring, yredelemnul_altar_generic,
          kennysheep_cross_bottleneck, hex_tiny, serial_bayou_pond_b
D:4:      layout_loops_ring, gammafunk_ghost_smash, roderic_roman_lattice
D:5:      minmay_angry_zag, layout_basic, mainiacjoe_overflow_surrounded_room,
          minmay_temple_entry_statues_fountains, serial_curves, eino_curves_02,
          eino_curves_03, hangedman_decor_slide_cut
D:6:      layout_rooms, mainiacjoe_overflow_paths, nicolae_ru_awakened_eye,
          mainiacjoe_overflow_catwalk, lemuel_flamethrower_1, uniq_jeremiah
Temple:   nicolae_temple_slightly_damp_pantheon

Skill      XL: |  1  2  3  4  5  6  7  8 |
---------------+-------------------------+-----
Stealth        | 1 2 3 |  3.4
Dodging        | 2 3 4 |  4.0
Ranged Weapons | 4 5 6 |  6.2
Fighting       | 3 4 |  4.3
Evocations     | 2 |  2.5
Invocations    | 1 |  1.5

Action                     |  1- 3 |  4- 6 |  7- 9 || total
---------------------------+-------+-------+-------++-------
   Fire: Sling             |   162 |   236 |   210 ||   608
 Invoke: Heroism           |       |       |     1 ||     1
    Use: Scroll            |       |     6 |     6 ||    12
 Armour: Leather armour    |     5 |    46 |    19 ||    70
  Dodge: Dodged            |    10 |    25 |    18 ||    53

Table legend: (Time is in decaauts)
 A = Elapsed time spent in this place.
 B = Non-inter-level travel time spent in this place.
 C = Inter-level travel time spent in this place.
 D = Time resting spent in this place.
 E = Time spent auto-exploring this place.
 F = Levels seen in this place.
 G = Mean time per level.
                   A        B        C        D        E       F      G
               +--------+--------+--------+--------+--------+-----+--------+
         Total |   4673 |   4526 |    147 |    364 |   3542 |   7 |  667.6 |
       Dungeon |   4652 |   4505 |    147 |    364 |   3542 |   6 |  775.3 |
        Temple |     20 |     20 |      0 |      0 |      0 |   1 |   20.0 |
               +--------+--------+--------+--------+--------+-----+--------+

Top non-repeatable levels by time:
     D:3: 1205 daAuts
     D:5: 981 daAuts
     D:2: 860 daAuts
     D:1: 733 daAuts
     D:4: 668 daAuts
     D:6: 203 daAuts
  Temple: 20 daAuts
